Map: New Repugnancy LE

Players

uThermal - Winner!

  • Race: Terran Terran
  • Spawn Location: 1:00

Denver

  • Race: Zerg Zerg
  • Spawn Location: 7:00

Event: 2019 WCS Summer

VOD

Have the link to the VOD?

Description

Time

  • Played on: July 12, 2019, 9:08 a.m.
  • Length: 8:20

All games in this series

Show
View Real Time Build Order
Export as new Build Order

uThermal Terran - Winner!

Build Orders: Gas First Reaper Expand, Hellion Opening 

Get SALT Encoding   

  12  0:01  SCV  
  13  0:13  SCV  
  14  0:17  Supply Depot  
  14  0:25  SCV  
  15  0:28  Refinery  
  15  0:39  SCV  
  16  0:44  Barracks  
  16  0:51  SCV  
  17  1:03  SCV  
  18  1:15  SCV  
  19  1:31  Orbital Command, Reaper  
  20  1:43  Command Center  
  20  1:54  Factory  
  20  1:57  SCV  
  21  2:06  Barracks Reactor  
  21  2:10  SCV  
  21  2:15  Supply Depot  
  22  2:19  Refinery  
  22  2:22  SCV  
  23  2:36  SCV  
  24  2:44  Starport  
  24  2:46  Hellion x2  
  24  2:50  SCV  
  29  2:53  Marine  
  30  2:58  Orbital Command  
  30  3:02  SCV  
  31  3:09  Hellion  
  33  3:13  Hellion  
  33  3:15  SCV  
  36  3:23  Viking  
  36  3:24  SCV  
  39  3:28  SCV  
  40  3:34  Fusion Core  
  40  3:41  SCV x2  
  41  3:42  Supply Depot  
  41  3:47  Hellion  
  44  3:50  Hellion  
  46  3:55  Starport Tech Lab  
  46  4:03  SCV x2  
  46  4:04  Barracks Tech Lab  
  46  4:07  Supply Depot  
  48  4:15  SCV x2  
  50  4:23  Supply Depot  
  50  4:28  SCV x2  
  52  4:31  Battlecruiser  
  52  4:32  Marine  
  59  4:40  SCV x2  
  57  4:49  Barracks x2  
  57  4:50  Marine  
  57  4:51  Stimpack  
  57  4:52  SCV x2  
  60  4:59  Engineering Bay, Supply Depot  
  60  5:02  Refinery  
  60  5:04  SCV x2  
  62  5:08  Marine  
  62  5:11  Factory Reactor, Supply Depot  
  63  5:16  SCV x2  
  65  5:26  Marine, Supply Depot  
  65  5:28  SCV x2, Terran Infantry Weapons Level 1  
  67  5:40  SCV  
  67  5:42  SCV  
  69  5:44  Marine, Starport Reactor  
  69  5:46  Barracks  
  69  5:47  Barracks  
  69  5:48  Marine x2  
  72  5:52  SCV  
  72  5:54  Marine  
  74  5:57  Marine  
  74  6:01  Siege Tank  
  74  6:02  Marine  
  79  6:04  Refinery  
  79  6:06  Marine x2  
  81  6:12  Marine  
  81  6:14  Marine  
  77  6:20  Marine  
  77  6:21  Medivac x2  
  77  6:24  Marine x2  
  84  6:28  Supply Depot x2  
  84  6:30  Marine  
  84  6:32  Marine x2  
  85  6:33  Siege Tank  
  85  6:34  Marine  
  85  6:38  Marine  
  92  6:42  Marine x2  
  92  6:47  Marine  
  92  6:48  Supply Depot x2  
  92  6:50  Marine x2  
  92  6:51  Marine, Medivac  
  100  6:55  Marine  
  100  6:57  Combat Shield  
  100  6:59  Marine  
  100  7:00  Marine, Missile Turret  
  101  7:02  Missile Turret  
  101  7:04  Medivac  
  101  7:05  Marine  
  101  7:08  Marine x2  
  104  7:09  Marine  
  104  7:13  Marine  
  108  7:17  Marine  
  108  7:21  Medivac  
  105  7:27  Marine x4  
  105  7:28  Marine  
  97  7:31  Marine  
  97  7:34  Medivac  
  97  7:35  Marine  
  97  7:45  Marine x5  
  97  7:49  Marine  
  104  7:53  Marine  
Show
View Real Time Build Order
Export as new Build Order

Denver Zerg 

Build Orders: Pool First, Muta Ling Bane 

Get SALT Encoding   

  12  0:00  Drone  
  13  0:12  Overlord  
  13  0:17  Drone  
  14  0:30  Drone x2  
  16  0:40  Spawning Pool  
  15  0:44  Drone  
  15  0:48  Drone  
  17  1:09  Hatchery  
  16  1:12  Drone  
  17  1:27  Zergling x4  
  17  1:28  Zergling x2  
  17  1:32  Extractor  
  19  1:33  Queen  
  21  1:40  Overlord  
  21  1:49  Drone  
  22  2:00  Drone  
  23  2:09  Queen  
  23  2:11  Drone  
  26  2:21  Queen  
  26  2:22  Drone x2  
  30  2:31  Metabolic Boost  
  30  2:34  Drone x2  
  32  2:51  Hatchery  
  32  2:54  Drone  
  32  2:56  Drone  
  33  3:01  Overlord  
  33  3:04  Drone  
  34  3:06  Drone  
  34  3:09  Drone  
  36  3:14  Overlord  
  36  3:20  Drone x3  
  36  3:23  Drone  
  36  3:26  Drone  
  41  3:27  Drone  
  41  3:31  Overlord  
  42  3:38  Drone x2  
  42  3:40  Drone  
  45  3:43  Overlord  
  45  3:48  Spore Crawler  
  44  3:49  Drone  
  44  3:51  Drone  
  46  3:57  Lair  
  46  4:01  Overlord  
  47  4:06  Drone x5  
  51  4:13  Zergling x2  
  51  4:14  Zergling x4  
  54  4:18  Queen  
  54  4:21  Zergling x4, Extractor  
  54  4:22  Zergling x2  
  57  4:29  Zergling x10  
  62  4:38  Drone x3  
  64  4:44  Spore Crawler  
  60  4:47  Drone x4  
  60  4:49  Overlord  
  60  4:50  Drone  
  65  4:57  Extractor  
  65  4:58  Spore Crawler  
  65  4:59  Drone x3, Spire  
  64  5:02  Overlord  
  64  5:05  Drone  
  65  5:12  Queen  
  65  5:13  Extractor  
  66  5:16  Drone x3  
  66  5:17  Drone  
  66  5:19  Baneling Nest  
  69  5:21  Overlord  
  69  5:26  Drone  
  69  5:27  Drone x2, Overlord  
  72  5:30  Drone x3  
  72  5:33  Overlord  
  75  5:37  Zergling x4  
  75  5:38  Zergling x2  
  72  5:58  Drone  
  72  5:59  Drone x8  
  72  6:01  Overlord, Spore Crawler  
  72  6:02  Queen  
  77  6:07  Drone x2  
  77  6:08  Drone  
  75  6:21  Mutalisk  
  75  6:22  Mutalisk x3  
  75  6:25  Mutalisk  
  85  6:27  Extractor  
  85  6:29  Extractor  
  85  6:30  Evolution Chamber  
  85  6:32  Drone x2  
  84  6:33  Drone  
  84  6:36  Centrifical Hooks  
  85  6:41  Drone x2  
  85  6:42  Drone  
  88  6:48  Zergling x4  
  88  6:52  Drone x4  
  94  7:00  Evolution Chamber  
  94  7:01  Zergling x2  
  94  7:03  Baneling x3  
  94  7:04  Baneling x2  
  94  7:05  Baneling x5  
  94  7:06  Zergling x4  
  94  7:15  Zergling x2  
  94  7:16  Zergling x12  
  97  7:25  Zergling x14  
  97  7:29  Zergling x6  
  96  7:35  Mutalisk  
  96  7:36  Mutalisk  
  82  7:41  Mutalisk  
  82  7:42  Mutalisk  
  83  7:46  Mutalisk  
  83  7:47  Drone  
  86  7:52  Mutalisk  
  86  7:55  Zergling x8  
  87  8:02  Zergling x10  
Tags
 
Add a new tag
Caveats
  • Supply blocks, unpowered buildings, or Contaminate may cause inaccurate times.
  • Supply counts are checked every 10 seconds.